[Event "2023 IBCA European Team Championship for the Blind and Visually Impaired"]
[Site "Genoa, Italy"]
[Date "2023.04.20"]
[Round "1"]
[White "Stachanczyk, Jacek"]
[Black "Selkovski, Zarko"]
[Result "1/2-1/2"]
[Time "15:00:00"]
[UTCTime "13:00:00"]
[UTCDate "2023.04.20"]
[Board "1.1"]
[WhiteTeam "Poland"]
[BlackTeam "North Macedonia"]
[WhiteCountry "POL"]
[BlackCountry "MKD"]
[WhiteTitle "IM"]
[BlackTitle "-"]
[WhiteElo "2159"]
[BlackElo "1920"]
[TimeControl "5400+30"]
[Opening "Sicilian"]
[Variation "Kan, 5.Nc3"]
[ECO "B43"]
[PlyCount "49"]
[EventDate "2023.04.20"]
[EventType "team"]
[EventRounds "9"]
[EventCountry "ITA"]
[Annotator "Vrioni, Bersan"]

1. e4 c5 2. Nf3 e6 3. d4 cxd4 4. Nxd4 a6 5. Nc3 b5 6. Bd3 Bb7 7. a3 Nc6 8. Nxc6
Bxc6 9. O-O Qb8 10. Qe2 Ne7 11. Kh1 Ng6 12. f4 Be7 13. Bd2 O-O 14. Rae1 f5 15.
exf5 exf5 16. Qh5 Qb7 17. Qh3 Rae8 18. Re2 Bd6 19. Rxe8 Rxe8 20. Qg3 Bc5 21. h3
Rf8 22. Kh2 b4 23. axb4 Bxb4 24. Re1 Be7 25. Qf2 1/2-1/2

[Event "2023 IBCA European Team Championship for the Blind and Visually Impaired"]
[Site "Genoa, Italy"]
[Date "2023.04.20"]
[Round "1"]
[White "Kostadinovski, Zoran"]
[Black "Dukaczewski, Piotr"]
[Result "0-1"]
[Time "15:00:00"]
[UTCTime "13:00:00"]
[UTCDate "2023.04.20"]
[Board "1.2"]
[WhiteTeam "North Macedonia"]
[BlackTeam "Poland"]
[WhiteCountry "MKD"]
[BlackCountry "POL"]
[WhiteTitle "-"]
[BlackTitle "IM"]
[WhiteElo "1907"]
[BlackElo "2091"]
[TimeControl "5400+30"]
[Opening "Queen's pawn game"]
[ECO "A45"]
[PlyCount "106"]
[EventDate "2023.04.20"]
[EventType "team"]
[EventRounds "9"]
[EventCountry "ITA"]
[Annotator "Vrioni, Bersan"]

1. d4 Nf6 2. Bf4 d6 3. c4 Nbd7 4. Nf3 g6 5. Nc3 Bg7 6. h3 O-O 7. e4 Nh5 8. Be3
e5 9. g4 Nf4 10. Bxf4 exf4 11. Qd2 c5 12. d5 Qa5 13. Be2 Re8 14. Bd3 f5 15. gxf5
gxf5 16. Rg1 Kh8 17. Rxg7 Kxg7 18. O-O-O Ne5 19. Qxf4 Nxf3 20. Qxf3 Qd8 21. Rg1+
Kh8 22. Qg3 Qf6 23. exf5 Bd7 24. Ne4 Qh6+ 25. Qg5 Qxg5+ 26. Nxg5 Rf8 27. Ne6 Rf6
28. Rg3 Rg8 29. Kd2 h5 30. Ke3 Re8 31. Rg5 Rh6 32. Kf4 Re7 33. h4 Be8 34. Be4 b5
35. cxb5 Bxb5 36. b3 Be8 37. Nf8 Rb7 38. Rg3 Rf6 39. Ne6 Rb4 40. Re3 Rf7 41. Kg5
a5 42. f6 a4 43. Nf4 Rf8 44. Bg6 Rxf4 45. Rxe8 Rxf6 46. Rxf8+ Rxf8 47. bxa4 Rxf2
48. Bxh5 Rxa2 49. Bd1 Rd2 50. Bf3 Rd4 51. a5 c4 52. a6 c3 53. a7 Ra4 0-1

[Event "2023 IBCA European Team Championship for the Blind and Visually Impaired"]
[Site "Genoa, Italy"]
[Date "2023.04.20"]
[Round "1"]
[White "Suder, Ryszard"]
[Black "Atanasov, K.Sande"]
[Result "1-0"]
[Time "15:00:00"]
[UTCTime "13:00:00"]
[UTCDate "2023.04.20"]
[Board "1.3"]
[WhiteTeam "Poland"]
[BlackTeam "North Macedonia"]
[WhiteCountry "POL"]
[BlackCountry "MKD"]
[WhiteTitle "-"]
[BlackTitle "-"]
[WhiteElo "2044"]
[BlackElo "1778"]
[TimeControl "5400+30"]
[Opening "Reti opening"]
[ECO "A05"]
[PlyCount "84"]
[EventDate "2023.04.20"]
[EventType "team"]
[EventRounds "9"]
[EventCountry "ITA"]
[Annotator "Vrioni, Bersan"]

1. Nf3 Nf6 2. g3 e6 3. Bg2 d5 4. O-O Be7 5. d4 O-O 6. c4 c6 7. Qc2 dxc4 8. Qxc4
Nbd7 9. Nc3 Nb6 10. Qb3 Nbd5 11. Ne5 Nd7 12. Nd3 Qb6 13. Qc4 Nb4 14. Nf4 Nf6 15.
a3 Nbd5 16. Nd3 Nxc3 17. bxc3 a5 18. a4 Qa6 19. Qb3 Rd8 20. Rd1 Rb8 21. Bf4 Bd6
22. Bxd6 Rxd6 23. e3 Rd8 24. Nc5 Qa7 25. Rab1 Bd7 26. Qb6 Qa8 27. c4 g6 28. Nb3
Be8 29. Nxa5 Nd7 30. Qb4 Qa6 31. Nb3 b5 32. cxb5 cxb5 33. a5 Rbc8 34. Rdc1 Rxc1+
35. Rxc1 Nb8 36. Qe7 Rc8 37. Bb7 Rxc1+ 38. Nxc1 Qxa5 39. Qxe8+ Kg7 40. Qxb8 Qe1+
41. Kg2 Qxc1 42. Qe5+ f6 1-0

[Event "2023 IBCA European Team Championship for the Blind and Visually Impaired"]
[Site "Genoa, Italy"]
[Date "2023.04.20"]
[Round "1"]
[White "Arsov, Filip"]
[Black "Wolanski, Michal"]
[Result "0-1"]
[Time "15:00:00"]
[UTCTime "13:00:00"]
[UTCDate "2023.04.20"]
[Board "1.4"]
[WhiteTeam "North Macedonia"]
[BlackTeam "Poland"]
[WhiteCountry "MKD"]
[BlackCountry "POL"]
[WhiteTitle "-"]
[BlackTitle "-"]
[WhiteElo "1624"]
[BlackElo "1969"]
[TimeControl "5400+30"]
[Opening "Sicilian"]
[Variation "Nimzovich-Rossolimo attack (with ...g6, without ...d6)"]
[ECO "B31"]
[PlyCount "66"]
[EventDate "2023.04.20"]
[EventType "team"]
[EventRounds "9"]
[EventCountry "ITA"]
[Annotator "Vrioni, Bersan"]

1. e4 c5 2. Nf3 Nc6 3. Bb5 g6 4. O-O Bg7 5. c3 Nf6 6. Re1 O-O 7. d4 cxd4 8. cxd4
d5 9. e5 Ne4 10. Nc3 Nxc3 11. bxc3 Na5 12. Bd2 Bg4 13. h3 Bxf3 14. Qxf3 Rc8 15.
Bd3 Nc4 16. Bg5 Qd7 17. Rab1 Rc6 18. Rb5 e6 19. h4 Rfc8 20. h5 Nb6 21. Kh2 Rxc3
22. Rh1 Qxb5 23. Bxb5 Rxf3 24. gxf3 Rc2 25. Kg3 gxh5 26. Rxh5 Rxa2 27. Bd3 h6
28. Bxh6 Bxh6 29. Rxh6 Rd2 30. Bh7+ Kg7 31. Rh4 a5 32. Bb1 a4 33. Rh7+ Kg8 0-1

[Event "2023 IBCA European Team Championship for the Blind and Visually Impaired"]
[Site "Genoa, Italy"]
[Date "2023.04.20"]
[Round "1"]
[White "Ursic, Aleksander"]
[Black "Dimic, Pavle"]
[Result "0-1"]
[Time "15:00:00"]
[UTCTime "13:00:00"]
[UTCDate "2023.04.20"]
[Board "2.1"]
[WhiteTeam "Slovenia"]
[BlackTeam "Serbia"]
[WhiteCountry "SLO"]
[BlackCountry "SRB"]
[WhiteTitle "-"]
[BlackTitle "FM"]
[WhiteElo "1834"]
[BlackElo "2349"]
[TimeControl "5400+30"]
[Opening "Trompovsky attack (Ruth, Opovcensky opening)"]
[ECO "A45"]
[PlyCount "90"]
[EventDate "2023.04.20"]
[EventType "team"]
[EventRounds "9"]
[EventCountry "ITA"]
[Annotator "Vrioni, Bersan"]

1. d4 Nf6 2. Bg5 Ne4 3. Bf4 c5 4. f3 Qa5+ 5. c3 Nf6 6. d5 e6 7. e4 exd5 8. exd5
d6 9. Na3 Be7 10. Bb5+ Bd7 11. Bxd7+ Nbxd7 12. Nc4 Qa6 13. b3 b5 14. Ne3 Nh5 15.
Bg3 O-O 16. Ne2 Rfe8 17. Nf5 Bf8 18. Qd2 g6 19. Nh6+ Bxh6 20. Qxh6 Re7 21. Kf2
Rae8 22. Rhe1 c4 23. b4 Nxg3 24. hxg3 Ne5 25. Nf4 Qb6+ 26. Kf1 Nd3 27. Nxd3 cxd3
28. Qf4 Re2 29. Qd4 Qxd4 30. cxd4 h5 31. Rxe2 Rxe2 32. a3 Rc2 33. Rd1 Rc3 34.
Rd2 Rxa3 35. Kf2 Rb3 36. Ke3 Rxb4 37. Kxd3 a5 38. Rc2 Rb3+ 39. Ke4 Kf8 40. Rc8+
Ke7 41. Rc7+ Ke8 42. Ra7 a4 43. Ra8+ Kd7 44. Ra7+ Kc8 45. Rxf7 a3 0-1

[Event "2023 IBCA European Team Championship for the Blind and Visually Impaired"]
[Site "Genoa, Italy"]
[Date "2023.04.20"]
[Round "1"]
[White "Jandric, Damjan"]
[Black "Znuderl, Matej"]
[Result "1/2-1/2"]
[Time "15:00:00"]
[UTCTime "13:00:00"]
[UTCDate "2023.04.20"]
[Board "2.2"]
[WhiteTeam "Serbia"]
[BlackTeam "Slovenia"]
[WhiteCountry "SRB"]
[BlackCountry "SLO"]
[WhiteTitle "CM"]
[BlackTitle "-"]
[WhiteElo "2110"]
[BlackElo "1838"]
[TimeControl "5400+30"]
[Opening "Sicilian"]
[Variation "closed"]
[ECO "B23"]
[PlyCount "37"]
[EventDate "2023.04.20"]
[EventType "team"]
[EventRounds "9"]
[EventCountry "ITA"]
[Annotator "Vrioni, Bersan"]

1. e4 c5 2. Nc3 a6 3. f4 b5 4. d4 cxd4 5. Qxd4 Nc6 6. Qf2 Bb7 7. Bd3 e6 8. Nf3
d6 9. O-O Nf6 10. Bd2 Be7 11. Rae1 O-O 12. Kh1 Rc8 13. e5 Nd7 14. exd6 Bxd6 15.
Ne4 Be7 16. a3 Nf6 17. Nxf6+ Bxf6 18. Qg3 Nd4 19. Nxd4 1/2-1/2

[Event "2023 IBCA European Team Championship for the Blind and Visually Impaired"]
[Site "Genoa, Italy"]
[Date "2023.04.20"]
[Round "1"]
[White "Stimec, Marjan"]
[Black "Janjic, Stefan"]
[Result "0-1"]
[Time "15:00:00"]
[UTCTime "13:00:00"]
[UTCDate "2023.04.20"]
[Board "2.3"]
[WhiteTeam "Slovenia"]
[BlackTeam "Serbia"]
[WhiteCountry "SLO"]
[BlackCountry "SRB"]
[WhiteTitle "-"]
[BlackTitle "-"]
[WhiteElo "1771"]
[BlackElo "2089"]
[TimeControl "5400+30"]
[Opening "Sicilian defence"]
[ECO "B40"]
[PlyCount "45"]
[EventDate "2023.04.20"]
[EventType "team"]
[EventRounds "9"]
[EventCountry "ITA"]
[Annotator "Vrioni, Bersan"]

1. e4 c5 2. Nf3 e6 3. Nc3 Nc6 4. a3 Nge7 5. d3 d5 6. Bg5 h6 7. Bh4 g5 8. Bg3 d4
9. Ne2 Bg7 10. h3 f5 11. Nd2 f4 12. Bh2 e5 13. Nc1 Be6 14. Be2 Qd7 15. Bh5+ Kd8
16. Ncb3 b6 17. Nc4 Ng8 18. f3 Nf6 19. Bg6 Bg8 20. g4 b5 21. Nxe5 c4 22. Nxc6+
Qxc6 23. Nc1 0-1

[Event "2023 IBCA European Team Championship for the Blind and Visually Impaired"]
[Site "Genoa, Italy"]
[Date "2023.04.20"]
[Round "1"]
[White "Bjelanovic, Mile"]
[Black "Muri, Emil"]
[Result "1-0"]
[Time "15:00:00"]
[UTCTime "13:00:00"]
[UTCDate "2023.04.20"]
[Board "2.4"]
[WhiteTeam "Serbia"]
[BlackTeam "Slovenia"]
[WhiteCountry "SRB"]
[BlackCountry "SLO"]
[WhiteTitle "-"]
[BlackTitle "-"]
[WhiteElo "2059"]
[BlackElo "1799"]
[TimeControl "5400+30"]
[Opening "Bishop's opening"]
[Variation "Berlin defence"]
[ECO "C24"]
[PlyCount "103"]
[EventDate "2023.04.20"]
[EventType "team"]
[EventRounds "9"]
[EventCountry "ITA"]
[Annotator "Vrioni, Bersan"]

1. e4 e5 2. Bc4 Nf6 3. d3 Nc6 4. Nf3 Be7 5. O-O O-O 6. Re1 d6 7. c3 h6 8. Nbd2
Be6 9. Bb3 Bxb3 10. Qxb3 Qc8 11. d4 Rb8 12. d5 Nd8 13. Nf1 Nh5 14. Ne3 Nf4 15.
Nf5 Bf6 16. Be3 Ra8 17. g3 Ng6 18. c4 Ne7 19. g4 Kh7 20. Kh1 Ng8 21. g5 Ne7 22.
gxh6 g6 23. Nxe7 Bxe7 24. Rg1 f5 25. Ng5+ Kh8 26. f3 f4 27. Bd2 b6 28. Rg4 Rg8
29. Rxf4 Qd7 30. Rg1 Qe8 31. Qc3 Rf8 32. Rxf8+ Qxf8 33. f4 Qf6 34. fxe5 dxe5 35.
Qg3 Nf7 36. Nxf7+ Qxf7 37. Qxe5+ Kh7 38. Qg7+ Qxg7 39. hxg7 Kxg7 40. Bc3+ Kf7
41. e5 Rg8 42. e6+ Ke8 43. Be5 Kd8 44. Bf6 Ke8 45. Bxe7 Kxe7 46. Rf1 Kd6 47. Rf7
c6 48. Rd7+ Ke5 49. e7 cxd5 50. cxd5 Re8 51. d6 Ke6 52. Rd8 1-0

[Event "2023 IBCA European Team Championship for the Blind and Visually Impaired"]
[Site "Genoa, Italy"]
[Date "2023.04.20"]
[Round "1"]
[White "Kolpakov, Vladyslav"]
[Black "Asllani, Muhamet"]
[Result "1-0"]
[Time "15:00:00"]
[UTCTime "13:00:00"]
[UTCDate "2023.04.20"]
[Board "3.1"]
[WhiteTeam "Ukraine"]
[BlackTeam "Kosovo"]
[WhiteCountry "UKR"]
[BlackCountry "KOS"]
[WhiteTitle "-"]
[BlackTitle "-"]
[WhiteElo "2248"]
[BlackElo "2238"]
[TimeControl "5400+30"]
[Opening "Ruy Lopez"]
[Variation "Berlin defence"]
[ECO "C65"]
[PlyCount "75"]
[EventDate "2023.04.20"]
[EventType "team"]
[EventRounds "9"]
[EventCountry "ITA"]
[Annotator "Vrioni, Bersan"]

1. e4 e5 2. Nf3 Nc6 3. Bb5 Nf6 4. d3 Bc5 5. Bxc6 dxc6 6. Nbd2 Qe7 7. Nc4 Nd7 8.
O-O O-O 9. Bd2 f6 10. a4 Nb6 11. b3 Nxc4 12. bxc4 a5 13. Rb1 b6 14. h3 Rd8 15.
Qe2 Be6 16. Kh2 Bb4 17. Bc1 Bf7 18. Nh4 Qd7 19. Nf5 Be6 20. Ng3 Bf8 21. f4 Bd6
22. fxe5 Bxe5 23. Bf4 Qd6 24. Qe3 Re8 25. Bxe5 Qxe5 26. Kg1 Qc3 27. Qf2 Rad8 28.
Nh5 Qa3 29. Nxg7 Kxg7 30. Qxf6+ Kg8 31. Rf3 Qd6 32. e5 Qd4+ 33. Kh1 Bg4 34. Rf4
Qxf4 35. Qxf4 Be6 36. Qg5+ Kh8 37. Qf6+ Kg8 38. Rf1 1-0

[Event "2023 IBCA European Team Championship for the Blind and Visually Impaired"]
[Site "Genoa, Italy"]
[Date "2023.04.20"]
[Round "1"]
[White "Gashi, Gani"]
[Black "Shepelev, Igor"]
[Result "0-1"]
[Time "15:00:00"]
[UTCTime "13:00:00"]
[UTCDate "2023.04.20"]
[Board "3.2"]
[WhiteTeam "Kosovo"]
[BlackTeam "Ukraine"]
[WhiteCountry "KOS"]
[BlackCountry "UKR"]
[WhiteTitle "-"]
[BlackTitle "-"]
[WhiteElo "1741"]
[BlackElo "2076"]
[TimeControl "5400+30"]
[Opening "Scandinavian (centre counter) defence"]
[ECO "B01"]
[PlyCount "58"]
[EventDate "2023.04.20"]
[EventType "team"]
[EventRounds "9"]
[EventCountry "ITA"]
[Annotator "Vrioni, Bersan"]

1. e4 d5 2. exd5 Qxd5 3. Nc3 Qd8 4. Nf3 g6 5. d4 Bg7 6. Be3 Nh6 7. Bc4 Nf5 8.
O-O O-O 9. Ne2 Nxe3 10. fxe3 e6 11. c3 Nd7 12. Ng3 Nb6 13. Bd3 Nd5 14. Re1 b6
15. e4 Ne7 16. e5 Bb7 17. Ne4 Nd5 18. h3 a5 19. c4 Nb4 20. a3 Nxd3 21. Qxd3 c5
22. Nd6 Bxf3 23. gxf3 Qh4 24. Kg2 cxd4 25. Re4 Qg5+ 26. Kf2 Bxe5 27. Rg4 Qe3+
28. Qxe3 dxe3+ 29. Kxe3 Bxd6 0-1

[Event "2023 IBCA European Team Championship for the Blind and Visually Impaired"]
[Site "Genoa, Italy"]
[Date "2023.04.20"]
[Round "1"]
[White "Zsiltzova-Lisenko, Lubov"]
[Black "Ymeri, Rinor"]
[Result "1-0"]
[Time "15:00:00"]
[UTCTime "13:00:00"]
[UTCDate "2023.04.20"]
[Board "3.3"]
[WhiteTeam "Ukraine"]
[BlackTeam "Kosovo"]
[WhiteCountry "UKR"]
[BlackCountry "KOS"]
[WhiteTitle "WIM"]
[BlackTitle "-"]
[WhiteElo "2151"]
[BlackElo "1618"]
[TimeControl "5400+30"]
[Opening "Ruy Lopez"]
[Variation "Berlin defence"]
[ECO "C65"]
[PlyCount "61"]
[EventDate "2023.04.20"]
[EventType "team"]
[EventRounds "9"]
[EventCountry "ITA"]
[Annotator "Vrioni, Bersan"]

1. e4 e5 2. Nf3 Nc6 3. Bb5 Nf6 4. Bxc6 dxc6 5. d3 Bc5 6. Nbd2 Bg4 7. h3 Bxf3 8.
Qxf3 h6 9. Nc4 Qe7 10. Bd2 a6 11. a3 Nd7 12. Qg3 g6 13. Be3 Bd6 14. f4 exf4 15.
Bxf4 Bxf4 16. Qxf4 b5 17. Na5 Qe5 18. Qxe5+ Nxe5 19. d4 Nc4 20. Nxc4 bxc4 21.
Kd2 Kd7 22. Kc3 Rae8 23. Rae1 c5 24. d5 Re5 25. Rhf1 Rf8 26. Kxc4 Ke7 27. Kxc5
Rd8 28. Kd4 f6 29. c4 c5+ 30. Kxc5 Rc8+ 31. Kd4 1-0

[Event "2023 IBCA European Team Championship for the Blind and Visually Impaired"]
[Site "Genoa, Italy"]
[Date "2023.04.20"]
[Round "1"]
[White "Berisha, Xhafer"]
[Black "Yatsishin, Ivan"]
[Result "0-1"]
[Time "15:00:00"]
[UTCTime "13:00:00"]
[UTCDate "2023.04.20"]
[Board "3.4"]
[WhiteTeam "Kosovo"]
[BlackTeam "Ukraine"]
[WhiteCountry "KOS"]
[BlackCountry "UKR"]
[WhiteTitle "-"]
[BlackTitle "-"]
[WhiteElo "1448"]
[BlackElo "2049"]
[TimeControl "5400+30"]
[Opening "Alekhine's defence"]
[Variation "Scandinavian variation"]
[ECO "B02"]
[PlyCount "74"]
[EventDate "2023.04.20"]
[EventType "team"]
[EventRounds "9"]
[EventCountry "ITA"]
[Annotator "Vrioni, Bersan"]

1. e4 Nf6 2. Nc3 d5 3. exd5 Nxd5 4. Nxd5 Qxd5 5. Nf3 Bg4 6. Be2 e5 7. d3 Nc6 8.
O-O O-O-O 9. Nd2 Be6 10. Bf3 Qd7 11. Qe2 f6 12. Rd1 Nd4 13. Qe4 c6 14. c3 Nb5
15. Nb3 Bd5 16. Qe3 Kb8 17. Bxd5 Qxd5 18. c4 Qxc4 19. Na5 Qa4 20. Bd2 Bb4 21.
Bxb4 Qxb4 22. Nc4 Nd4 23. Rac1 Rhe8 24. f3 Nf5 25. Qf2 Rd4 26. a3 Qb3 27. Qd2
Red8 28. Rc3 Qb5 29. b3 Ne7 30. Ne3 f5 31. Nc2 R4d7 32. Qf2 Rxd3 33. Rdxd3 Rxd3
34. Qe1 Rxc3 35. Qxc3 Qe2 36. Ne3 Kc8 37. Qxe5 Qe1+ 0-1

[Event "2023 IBCA European Team Championship for the Blind and Visually Impaired"]
[Site "Genoa, Italy"]
[Date "2023.04.20"]
[Round "1"]
[White "Casadei, Marco"]
[Black "Eichstaedt, Mirko"]
[Result "0-1"]
[Time "15:00:00"]
[UTCTime "13:00:00"]
[UTCDate "2023.04.20"]
[Board "4.1"]
[WhiteTeam "Italy"]
[BlackTeam "Germany"]
[WhiteCountry "ITA"]
[BlackCountry "GER"]
[WhiteTitle "-"]
[BlackTitle "CM"]
[WhiteElo "1982"]
[BlackElo "2241"]
[TimeControl "5400+30"]
[Opening "Giuoco piano"]
[ECO "C54"]
[PlyCount "102"]
[EventDate "2023.04.20"]
[EventType "team"]
[EventRounds "9"]
[EventCountry "ITA"]
[Annotator "Vrioni, Bersan"]

1. e4 e5 2. Nf3 Nc6 3. Bc4 Bc5 4. c3 Nf6 5. d4 exd4 6. cxd4 Bb4+ 7. Bd2 Nxe4 8.
Bxb4 Nxb4 9. Bxf7+ Kxf7 10. Qb3+ d5 11. Ne5+ Ke6 12. Qxb4 Qf8 13. Qxf8 Rxf8 14.
O-O c6 15. Nc3 Nf6 16. Rfe1 Kd6 17. Na4 Bf5 18. Rac1 Rac8 19. f3 Rc7 20. b4 Bc8
21. Nc5 Nh5 22. a4 b6 23. Ncd3 Bf5 24. Rc3 Bxd3 25. Rxd3 g5 26. g3 Ng7 27. Ng4
h5 28. Ne5 Ne6 29. b5 c5 30. dxc5+ Rxc5 31. Nc6 a6 32. Re5 axb5 33. axb5 d4 34.
Re4 Rd5 35. Nxd4 Nc5 36. Rde3 Nxe4 37. Rxe4 Rf6 38. h4 gxh4 39. gxh4 Re5 40. Kg2
Rxe4 41. fxe4 Ke5 42. Nf5 Kxe4 43. Ng3+ Ke5 44. Nxh5 Rh6 45. Ng3 Rxh4 46. Kf3
Rb4 47. Ne2 Rxb5 48. Ke3 Rd5 49. Nf4 Rd8 50. Nd3+ Kd5 51. Nf4+ Kc4 0-1

[Event "2023 IBCA European Team Championship for the Blind and Visually Impaired"]
[Site "Genoa, Italy"]
[Date "2023.04.20"]
[Round "1"]
[White "Schellmann, Frank"]
[Black "Vrioni, Bersan"]
[Result "1/2-1/2"]
[Time "15:00:00"]
[UTCTime "13:00:00"]
[UTCDate "2023.04.20"]
[Board "4.2"]
[WhiteTeam "Germany"]
[BlackTeam "Italy"]
[WhiteCountry "GER"]
[BlackCountry "ITA"]
[WhiteTitle "CM"]
[BlackTitle "-"]
[WhiteElo "1936"]
[BlackElo "1910"]
[TimeControl "5400+30"]
[Opening "Pirc defence"]
[ECO "B07"]
[PlyCount "40"]
[EventDate "2023.04.20"]
[EventType "team"]
[EventRounds "9"]
[EventCountry "ITA"]
[Annotator "Vrioni, Bersan"]

1. e4 d6 2. d4 Nf6 3. Nc3 e5 4. Nf3 Nbd7 5. Bc4 Be7 6. O-O O-O 7. a4 c6 8. Re1
Qc7 9. a5 b5 10. axb6 Nxb6 11. Bb3 Bg4 12. h3 Bxf3 13. gxf3 Nh5 14. f4 Nxf4 15.
Bxf4 exf4 16. Qg4 Qc8 17. Qxf4 Qxh3 18. Re3 Qh4 19. Qf3 Bg5 20. Rd3 Qf4 1/2-1/2

[Event "2023 IBCA European Team Championship for the Blind and Visually Impaired"]
[Site "Genoa, Italy"]
[Date "2023.04.20"]
[Round "1"]
[White "Badano, Giancarlo"]
[Black "Dobierzin, Olaf"]
[Result "1/2-1/2"]
[Time "15:00:00"]
[UTCTime "13:00:00"]
[UTCDate "2023.04.20"]
[Board "4.3"]
[WhiteTeam "Italy"]
[BlackTeam "Germany"]
[WhiteCountry "ITA"]
[BlackCountry "GER"]
[WhiteTitle "-"]
[BlackTitle "-"]
[WhiteElo "1742"]
[BlackElo "1935"]
[TimeControl "5400+30"]
[Opening "Sicilian"]
[Variation "Najdorf, Opovcensky variation"]
[ECO "B92"]
[PlyCount "100"]
[EventDate "2023.04.20"]
[EventType "team"]
[EventRounds "9"]
[EventCountry "ITA"]
[Annotator "Vrioni, Bersan"]

1. e4 c5 2. Nf3 d6 3. d4 cxd4 4. Nxd4 Nf6 5. Nc3 a6 6. Be2 e5 7. Nb3 Be7 8. Be3
Be6 9. f3 Qc7 10. O-O O-O 11. Nd5 Bxd5 12. exd5 Nbd7 13. Rc1 Rfc8 14. c4 b6 15.
Qd2 a5 16. a4 Nc5 17. Nxc5 bxc5 18. b3 Nd7 19. Bd3 g6 20. g4 f6 21. Qg2 Kh8 22.
Qh3 Rg8 23. Kf2 Raf8 24. Bd2 Rf7 25. Rg1 Qd8 26. Rg2 Nf8 27. Rcg1 Nd7 28. Ke2
Nf8 29. Bc2 Nd7 30. Qg3 Qc7 31. h4 Bd8 32. Rh1 Nf8 33. h5 g5 34. Qe1 Qb6 35. Bc3
Nd7 36. Qb1 Nf8 37. Kd2 Rb7 38. Kc1 Rgg7 39. Kb2 Nd7 40. Ka2 Qc7 41. Qe1 Nf8 42.
Qd2 Qb6 43. Rb1 Qc7 44. Qd3 Qe7 45. Qd2 Qc7 46. Bf5 Ra7 47. Bc2 Nd7 48. Qd3 Nf8
49. Qf5 Rf7 50. Qd3 Nd7 1/2-1/2

[Event "2023 IBCA European Team Championship for the Blind and Visually Impaired"]
[Site "Genoa, Italy"]
[Date "2023.04.20"]
[Round "1"]
[White "Dyballa, Gerhard"]
[Black "Pezzolato, Erica"]
[Result "1/2-1/2"]
[Time "15:00:00"]
[UTCTime "13:00:00"]
[UTCDate "2023.04.20"]
[Board "4.4"]
[WhiteTeam "Germany"]
[BlackTeam "Italy"]
[WhiteCountry "GER"]
[BlackCountry "ITA"]
[WhiteTitle "-"]
[BlackTitle "-"]
[WhiteElo "1912"]
[BlackElo "1453"]
[TimeControl "5400+30"]
[Opening "English opening"]
[ECO "A16"]
[PlyCount "107"]
[EventDate "2023.04.20"]
[EventType "team"]
[EventRounds "9"]
[EventCountry "ITA"]
[Annotator "Vrioni, Bersan"]

1. c4 Nf6 2. Nc3 g6 3. g3 Bg7 4. Bg2 O-O 5. Nf3 d6 6. d4 Bd7 7. O-O Qc8 8. Bg5
h6 9. Bxf6 Bxf6 10. Nd5 Kg7 11. Qd2 Rh8 12. e4 c6 13. Nxf6 Kxf6 14. Rfe1 Na6 15.
e5+ Kg7 16. exd6 exd6 17. Qf4 Qf8 18. Nd2 Nc7 19. Ne4 Ne8 20. Rac1 Rd8 21. b4
Bf5 22. d5 c5 23. a3 b6 24. b5 Bxe4 25. Qxe4 Nf6 26. Qc2 Re8 27. Qc3 Rxe1+ 28.
Rxe1 Qd8 29. a4 Kh7 30. Ra1 Re8 31. a5 Ng4 32. h3 Qf6 33. Qxf6 Nxf6 34. axb6
axb6 35. Ra7 Kg7 36. Rb7 Re1+ 37. Kh2 Rc1 38. Rxb6 Rxc4 39. Rxd6 Rb4 40. b6 c4
41. Rc6 c3 42. Rxc3 Rxb6 43. Rd3 Rd6 44. g4 Kf8 45. Kg3 Ne8 46. Kf4 f6 47. Rc3
Ke7 48. Be4 Kf7 49. Ke3 g5 50. f4 Ke7 51. fxg5 hxg5 52. Kd4 Ng7 53. Rc7+ Rd7 54.
Rxd7+ 1/2-1/2

[Event "2023 IBCA European Team Championship for the Blind and Visually Impaired"]
[Site "Genoa, Italy"]
[Date "2023.04.20"]
[Round "1"]
[White "Draghici Flutur, Gavril"]
[Black "Thevenet, Yann"]
[Result "0-1"]
[Time "15:00:00"]
[UTCTime "13:00:00"]
[UTCDate "2023.04.20"]
[Board "5.1"]
[WhiteTeam "Spain"]
[BlackTeam "France"]
[WhiteCountry "ESP"]
[BlackCountry "FRA"]
[WhiteTitle "-"]
[BlackTitle "-"]
[WhiteElo "1989"]
[BlackElo "1960"]
[TimeControl "5400+30"]
[Opening "Vienna"]
[Variation "Paulsen-Mieses variation"]
[ECO "C26"]
[PlyCount "50"]
[EventDate "2023.04.20"]
[EventType "team"]
[EventRounds "9"]
[EventCountry "ITA"]
[Annotator "Vrioni, Bersan"]

1. e4 e5 2. Nc3 Nf6 3. g3 d5 4. exd5 Nxd5 5. Bg2 Nxc3 6. bxc3 Nc6 7. Rb1 Bc5 8.
Ne2 O-O 9. O-O f5 10. d3 Qd6 11. Kh1 Be6 12. c4 Bb6 13. Nc3 Nd4 14. Nd5 f4 15.
Be4 f3 16. c3 Ne2 17. Rb2 Bh3 18. Bxf3 Rxf3 19. Qxe2 Raf8 20. Be3 Bxf1 21. Qxf1
Bxe3 22. Qg2 Bb6 23. Nf4 Rxd3 24. Nxd3 Qxd3 25. h4 e4 0-1

[Event "2023 IBCA European Team Championship for the Blind and Visually Impaired"]
[Site "Genoa, Italy"]
[Date "2023.04.20"]
[Round "1"]
[White "Deville, Olivier"]
[Black "Vela Ignacio, Jose Manuel"]
[Result "0-1"]
[Time "15:00:00"]
[UTCTime "13:00:00"]
[UTCDate "2023.04.20"]
[Board "5.2"]
[WhiteTeam "France"]
[BlackTeam "Spain"]
[WhiteCountry "FRA"]
[BlackCountry "ESP"]
[WhiteTitle "-"]
[BlackTitle "-"]
[WhiteElo "1770"]
[BlackElo "1974"]
[TimeControl "5400+30"]
[Opening "Queen's gambit declined"]
[ECO "D30"]
[PlyCount "66"]
[EventDate "2023.04.20"]
[EventType "team"]
[EventRounds "9"]
[EventCountry "ITA"]
[Annotator "Vrioni, Bersan"]

1. d4 d5 2. c4 e6 3. Nf3 Nf6 4. g3 dxc4 5. Bg2 Nc6 6. Qa4 Nd7 7. Qxc4 Nb6 8. Qc2
Nxd4 9. Nxd4 Qxd4 10. Qxc7 Bb4+ 11. Nc3 Nd5 12. Bxd5 Qxd5 13. O-O Qa5 14. Qxa5
Bxa5 15. Ne4 Bd7 16. Nd6+ Ke7 17. Nxb7 Bb6 18. Bg5+ f6 19. Be3 Bxe3 20. fxe3
Rab8 21. Nc5 Rxb2 22. Nxd7 Kxd7 23. Rfd1+ Ke7 24. Rac1 f5 25. Rc7+ Kf6 26. Rxa7
Rxe2 27. a4 Rc8 28. Ra1 Rcc2 29. h4 Ke5 30. Rxg7 Ke4 31. a5 Rg2+ 32. Kf1 Rcf2+
33. Ke1 Kf3 0-1